 Dungeon Crawl Stone Soup version 0.17.0-27-g4a3f43e (webtiles) character file.

1229 Holeefuk the Destroyer (level 8, -2/60 HPs)
             Began as a Human Wanderer on Nov 22, 2015.
             Was a Follower of Sif Muna.
             Slain by a wasp (7 damage)
             ... on level 7 of the Dungeon.
             The game lasted 00:42:32 (7147 turns).

Holeefuk the Destroyer (Human Wanderer)             Turns: 7147, Time: 00:42:32

Health: -2/60      AC: 10    Str: 19    XL:     8   Next: 77%
Magic:  17/23      EV: 11    Int: 14    God:    Sif Muna [*.....]
Gold:   273        SH:  0    Dex:  6    Spells: 3 memorised, 9 levels left

rFire  + . .     SeeInvis .     K - +8 hunting sling of Nupnaum {venom, +Inv MP+9 Str+4 Dex-5}
rCold  . . .     Clarity  .     P - +2 leather armour {rF+}
rNeg   + . .     SustAt   .     (no shield)
rPois  .         Gourm    .     v - +1 helmet
rElec  .         Spirit   .     h - +0 cloak
rCorr  .         Warding  .     x - +0 pair of gloves
rMut   .         Stasis   .     E - +0 pair of boots
MR     .....                    (no amulet)
Stlth  +.........               (no ring)
                                J - ring of positive energy

@: lethally poisoned (-2 -> -6), slowed, invisible, very slow, not resistant to
hostile enchantments, very unstealthy
A: no striking features
a: Channel Energy, Renounce Religion


You were on level 7 of the Dungeon.
You worshipped Sif Muna.
Sif Muna was aware of your devotion.
You were near starving.

You visited 2 branches of the dungeon, and saw 8 of its levels.

You collected 273 gold pieces.

Inventory:

Hand Weapons
 g - a +0 dagger of electrocution
 u - a +0 dagger of venom
 D - a +0 falchion
 K - the +8 hunting sling of Nupnaum (weapon) {venom, +Inv MP+9 Str+4 Dex-5}
   (You found it on level 6 of the Dungeon)

   It poisons the ammo it fires.
   It affects your strength (+4).
   It affects your dexterity (-5).
   It affects your magic capacity (+9).
   It lets you turn invisible.
Missiles
 t - 64 stones
 M - 11 sling bullets of frost (quivered)
Armour
 d - a +0 robe
 h - a +0 cloak (worn)
 k - a +0 pair of boots
 v - a +1 helmet (worn)
 x - a +0 pair of gloves (worn)
 E - a +0 pair of boots (worn)
 P - a +2 leather armour of fire resistance (worn)
Jewellery
 J - a ring of positive energy (left hand)
Wands
 y - a wand of draining (9)
 L - a wand of enslavement (15)
Scrolls
 c - 2 scrolls of teleportation
 e - 2 scrolls of recharging {unknown}
 i - 10 scrolls of identify {unknown}
 l - a scroll of amnesia {unknown}
 m - 5 scrolls of fear {unknown}
 n - 4 scrolls of remove curse {unknown}
 p - 2 scrolls of enchant weapon {unknown}
 r - 4 scrolls of fog {unknown}
 s - a scroll of blinking {unknown}
 G - 3 scrolls of enchant armour {unknown}
Potions
 j - a potion of mutation {unknown}
 o - 2 potions of resistance
 q - 2 potions of agility {unknown}
 w - a potion of heal wounds {unknown}
 A - 2 potions of cancellation {unknown}
 B - 2 potions of curing {unknown}
 C - a potion of cure mutation {unknown}
 F - a potion of degeneration {unknown}
 I - 2 potions of invisibility
 N - a potion of magic {unknown}
 O - 2 potions of lignification {unknown}
Books
 a - a book of Minor Magic

   Spells                             Type                      Level
   a - Magic Dart                     Conjuration                  1
   b - Blink                          Translocation                2
   c - Call Imp                       Summoning                    2
   d - Repel Missiles                 Charms/Air                   2
   e - Slow                           Hexes                        2
   f - Conjure Flame                  Conjuration/Fire             3
   g - Mephitic Cloud                 Conjuration/Poison/Air       3
 b - the Incunabulum of Ice

   Spells                             Type                      Level
   a - Freeze                         Ice                          1
   b - Throw Frost                    Conjuration/Ice              2
Comestibles
 f - 3 bread rations
 z - 5 meat rations
 H - 6 fruits
 Q - a royal jelly


   Skills:
 * Level 4.3 Fighting
 - Level 3.2 Short Blades
 - Level 1.0 Throwing
 - Level 4.0 Spellcasting
 - Level 8.0 Conjurations
 - Level 4.0 Fire Magic
 - Level 1.0 Evocations


You had 9 spell levels left.
You knew the following spells:

 Your Spells              Type           Power        Failure   Level  Hunger
a - Conjure Flame         Conj/Fire      ###.....     8%          3    ###....
b - Magic Dart            Conj           ####         1%          1    None
c - Throw Frost           Conj/Ice       ##....       8%          2    ##.....


Dungeon Overview and Level Annotations

Branches:
Dungeon (7/15)             Temple (1/1) D:4

Altars:
Ashenzari
Cheibriados
Dithmenos
Elyvilon
Fedhas
Gozag
Nemelex Xobeh
Okawaru
Ru
Sif Muna
Trog
Xom
Yredelemnul
The Shining One


Message History

The wasp is severely wounded.
You feel yourself speed up.
You feel sick. The wasp stings you but does no damage. The wasp stings you.
* * * LOW HITPOINT WARNING * * *
You feel yourself slow down.
Casting: Magic Dart
Confirm with . or Enter, or press ? or * to list all spells.
Aiming: Magic Dart
Press: ? - help, Shift-Dir - straight line, f/p - wasp
Aim: a wasp (severely wounded)
The magic dart hits the wasp.
The wasp is severely wounded.
You feel sick. The wasp barely misses you. The wasp stings you.
* * * LOW HITPOINT WARNING * * *
You feel as though you will be slow longer.
The wasp closely misses you.
It was a potion of invisibility.
You fade into invisibility!
You feel sick. The wasp closely misses you. The wasp stings you!
You die...

.... #... .# #... #.#..
... #...# ...## ..
#.(.#### ###....# .#
#.(....####.###..###.###
#........#...#..#.....#
#(..y@...#.........##
#####....#...##.....#
####.........#.#
#..#####.#..<.# #..
#.#.)#### .. #.#.....#
#. #.##.##+# #. #.##.#
#.##.#


You could see a wasp.

Vanquished Creatures
  Eustachio (D:6)
  A sky beast (D:5)
  2 ogres
  A phantom (D:6)
  A giant frog (D:6)
  A scorpion (D:4)
  A wyvern skeleton (D:6)
  2 crimson imps (D:5)
  2 giant frog zombies
  A hound (D:6)
  6 worker ants
  3 orc wizards
  A killer bee zombie (D:6)
  A hound zombie (D:5)
  9 adders
  A worm (D:3)
  5 orcs
  11 bats
  4 giant cockroaches
  9 goblins
  2 hobgoblins
  5 quokkas
  4 giant geckos
  A giant gecko zombie (D:5)
  7 giant newts
  11 jackals
  A jackal skeleton (D:5)
  10 kobolds
  6 rats
110 creatures vanquished.

Notes
Turn   | Place    | Note
--------------------------------------------------------------
     0 | D:1      | Holeefuk the Human Wanderer began the quest for the Orb.
     0 | D:1      | Holeefuk set off with: a book of Minor Magic, the Incunabulum of Ice, a scroll of teleportation, a +0 robe, a +0 club, a bread ration
     0 | D:1      | Reached XP level 1. HP: 13/13 MP: 5/5
   210 | D:1      | Reached skill level 1 in Short Blades
   389 | D:1      | Reached XP level 2. HP: 14/19 MP: 7/7
  1241 | D:1      | Reached XP level 3. HP: 15/24 MP: 8/8
  1243 | D:1      | Identified the Incunabulum of Ice
  1247 | D:1      | Learned a level 3 spell: Conjure Flame
  1249 | D:1      | Learned a level 1 spell: Magic Dart
  1898 | D:2      | Found a shadowy altar of Dithmenos.
  2122 | D:2      | Reached XP level 4. HP: 30/30 MP: 10/10
  2203 | D:2      | Found an iron altar of Okawaru.
  2231 | D:2      | Reached skill level 1 in Conjurations
  2850 | D:2      | Reached XP level 5. HP: 31/35 MP: 11/11
  3480 | D:3      | Found an opulent altar of Gozag.
  4063 | D:4      | Reached XP level 6. HP: 41/41 MP: 5/12
  4120 | D:4      | Found a sparkling altar of Nemelex Xobeh.
  4207 | D:4      | Found a staircase to the Ecumenical Temple.
  4384 | D:4      | Reached skill level 5 in Conjurations
  4393 | Temple   | Entered the Ecumenical Temple
  4401 | Temple   | Became a worshipper of Sif Muna the Loreminder
  4594 | D:5      | Entered Level 5 of the Dungeon
  4739 | D:5      | Reached XP level 7. HP: 42/46 MP: 7/13
  4810 | D:5      | Noticed a sky beast
  4907 | D:5      | Reached skill level 6 in Conjurations
  5043 | D:5      | Killed a sky beast
  5264 | D:5      | Found a sacrificial altar of Ru.
  5283 | D:6      | Learned a level 2 spell: Throw Frost
  5365 | D:6      | Reached skill level 7 in Conjurations
  5417 | D:6      | Noticed Eustachio
  5433 | D:6      | Reached * piety under Sif Muna
  5433 | D:6      | Reached XP level 8. HP: 52/52 MP: 5/14
  5484 | D:6      | HP: 2/52 [poisoned by a worker ant]
  5491 | D:6      | HP: 1/52 [poisoned by a worker ant]
  5499 | D:6      | HP: 1/52 [poisoned by a worker ant]
  5569 | D:6      | Got a steaming hunting sling
  5572 | D:6      | Identified the +8 hunting sling of Nupnaum {venom, +Inv MP+9 Str+4 Dex-5} (You found it on level 6 of the Dungeon)
  6011 | D:6      | Reached skill level 8 in Conjurations
  6238 | D:6      | Reached skill level 1 in Fighting
  7063 | D:6      | Killed Eustachio
  7147 | D:7      | Slain by a wasp

Action                   |  1- 3 |  4- 6 |  7- 9 || total
-------------------------+-------+-------+-------++-------
Melee: Dagger            |   116 |   226 |   134 ||   476
 Fire: Hunting sling     |       |       |    18 ||    18
Throw: Stone             |     2 |       |       ||     2
 Cast: Magic Dart        |     1 |    49 |    96 ||   146
       Conjure Flame     |       |     8 |     1 ||     9
  Use: Potion            |       |       |     1 ||     1
 Stab: Sleeping          |     1 |       |       ||     1
  Eat: Chunk             |     3 |     9 |     4 ||    16
       Pizza             |       |     1 |       ||     1
       Beef jerky        |       |       |     1 ||     1
